 Dungeon Crawl Stone Soup version 0.27-a0-1590-g15f69828bf (webtiles) character file.

Game seed: 9169026930692828964

107 Sin92 the Skirmisher (level 4, 0/35 HPs)
             Began as a Demonspawn Fighter on July 18, 2021.
             Slain by Grinder (1 damage)
             ... on level 3 of the Dungeon.
             The game lasted 00:04:16 (3632 turns).

Sin92 the Skirmisher (Demonspawn Fighter)           Turns: 3632, Time: 00:04:17

Health: 0/35       AC:  6    Str: 16    XL:     4   Next: 57%
Magic:  4/4        EV:  7    Int:  9    God:
Gold:   988        SH: 13    Dex: 14    Spells: 3/3 levels left

rFire    . . .     SeeInvis +   h - +6 falchion (vorpal)
rCold    . . .     Faith    .   c - +0 kite shield
rNeg     . . .     Spirit   .   b - +0 scale mail
rPois    .         Reflect  .   m - +0 hat
rElec    .         Harm     .   (no cloak)
rCorr    .         Rampage  .   (no gloves)
Will     .....                  (no boots)
Stlth    ..........             (no amulet)
HPRegen  0.11/turn              i - ring of see invisible
MPRegen  0.18/turn              (no ring)

@: mighty, attractive
A: magic regeneration, condensation shield
a: no special abilities


You were on level 3 of the Dungeon.
You visited 1 branch of the dungeon, and saw 3 of its levels.

You collected 1426 gold pieces.
You spent 438 gold pieces at shops.

Inventory:

Hand Weapons
 a - a +1 long sword
 h - a +6 vorpal falchion (weapon)
Missiles
 e - 2 throwing nets (quivered)
 g - 6 atropa-tipped darts
Armour
 b - a +0 scale mail (worn)
 c - a +0 kite shield (worn)
 m - a +0 hat (worn)
Jewellery
 i - a ring of see invisible (left hand)
Scrolls
 f - 3 scrolls of identify {unknown}
 k - a scroll of amnesia {unknown}
Potions
 j - a potion of curing {unknown}
 n - a potion of degeneration {unknown}


   Skills:
 + Level 3.5 Fighting
 * Level 2.5 Long Blades
 + Level 3.2 Armour
 + Level 1.4 Dodging
 + Level 3.3 Shields


You had 3 spell levels left.
You didn't know any spells.
Your spell library contained the following spells:

 Spells                   Type           Power      Damage    Failure   Level
 Cause Fear               Hex            0%         N/A       100%        4
 Dragon Form              Tmut           0%         N/A       100%        7
 Dragon's Call            Summ           0%         N/A       100%        9


Dungeon Overview and Level Annotations

Branches:
Dungeon (3/15)

Altars:
Beogh

Shops:
D:2 (

Annotations:
D:3 Grinder


Innate Abilities, Weirdness & Mutations

You regenerate magic rapidly.
A meltable shield of frost defends you. (SH +4)


Message History

Unknown command.
Things that are here:
a +0 dagger; a goblin corpse No target in view!
Unknown command.
You open the door.
Found a stone staircase leading down.
There is an open door here.
There is a stone staircase leading down here.
Found 7 gold pieces.
You now have 988 gold pieces (gained 7).
Grinder comes into view.
Grinder shouts!
Unknown command.
Grinder is nearby!
You feel very mighty all of a sudden. Grinder gestures at you.
You suddenly lose the ability to move!
Grinder gestures at you. Pain shoots through your body!
Grinder blinks!
You can move again.
Unknown command.
Grinder gestures at you. Pain shoots through your body!
Grinder says, "Wait up."
Grinder gestures at you. Pain shoots through your body!
* * * LOW HITPOINT WARNING * * *
It was a potion of attraction.
You feel attractive to monsters. Grinder is pulled toward you!
You slash Grinder!
Grinder is moderately wounded.
You block Grinder's attack. Grinder hits you.
* * * LOW HITPOINT WARNING * * *
You closely miss Grinder.
Grinder is moderately wounded.
Grinder hits you.
You die...

#### ... .#### .... ...# ....
#.## ##### #..##..##########...#
#.................#.#
.###.#.....########...#
......5@..## ##.## .###.###.##
#.# #.# .. #.# ###.### ##.## ##
#.# #.....# ##...## ##+## #.###.#
#.....# ##...## #.# #.# #.....###
##.....## #.###.# #.......#
##.......## ###..>..#
##.......####...).....###....##.#


You could see Grinder.

Vanquished Creatures
  An orc priest (D:3)
  2 adders
  A worm (D:2)
  2 dart slugs
  4 orcs (D:3)
  6 endoplasms
  A giant cockroach (D:1)
  7 goblins
  3 hobgoblins
  2 quokkas
  5 ball pythons
  2 bats (D:1)
  4 frilled lizards
  4 kobolds
  8 rats
  2 bushes (D:1)
54 creatures vanquished.

Vanquished Creatures (others)
  13 plants
13 creatures vanquished.

Grand Total: 67 creatures vanquished

Notes
Turn   | Place    | Note
-------+----------+-------------------------------------------
     0 | D:1      | Sin92 the Demonspawn Fighter began the quest for the Orb.
     0 | D:1      | Reached XP level 1. HP: 18/18 MP: 1/1
   242 | D:1      | Gained mutation: A meltable shield of frost defends you.
                  | (SH +4) [demonic ancestry]
   242 | D:1      | Reached XP level 2. HP: 4/24 MP: 2/2
   762 | D:1      | Found a faded altar of an unknown god.
  1960 | D:2      | Found Qehesm's Weapon Shoppe.
  1968 | D:2      | Reached XP level 3. HP: 21/29 MP: 3/3
  2229 | D:2      | Reached skill level 1 in Dodging
  2865 | D:2      | Identified a scroll of acquirement
  2865 | D:2      | Acquired 1212 gold pieces
  2870 | D:2      | Bought a +6 vorpal falchion for 438 gold pieces
  2897 | D:3      | Gained mutation: You regenerate magic rapidly. [demonic
                  | ancestry]
  2897 | D:3      | Reached XP level 4. HP: 17/35 MP: 4/4
  3622 | D:3      | Noticed Grinder
  3624 | D:3      | Paralysed by Grinder for 4 turns
  3629 | D:3      | HP: 1/35 [Grinder/nerve-wracking pain (13)]
  3632 | D:3      | Slain by Grinder

Illustrated notes

Levels and vault maps discovered:
D:1:      onia_arrival_mini_spirals, layout_loops_ring,
          hellmonk_ecumenical_altar_blasted, serial_forest,
          infiniplex_forest_clump_cross, infiniplex_forest_end_2,
          infiniplex_forest_split, infiniplex_forest_clump_curved,
          infiniplex_forest_lined_3, infiniplex_forest_end_2,
          infiniplex_forest_clump_curved, infiniplex_forest_lined_3_way,
          grunt_decor_resistance
D:2:      layout_loops_cross, serial_shops, shop
D:3:      wad_lake_hut, layout_loops_corners, kennysheep_orc_chapel, uniq_ijyb,
          uniq_grinder

Skill      XL: |  1  2  3 |
---------------+----------+-----
Long Blades    | 2 |  2.5
Armour         | 3 |  3.2
Shields        | 3 |  3.3
Dodging        | 1 |  1.4
Fighting       | |  3.5

Action                   |  1- 3 |  4- 6 || total
-------------------------+-------+-------++-------
Melee: Long sword        |   348 |       ||   348
       Falchion          |     7 |    22 ||    29
  Use: Scroll            |     2 |       ||     2
       Potion            |       |     2 ||     2
Armor: Scale mail        |    37 |     7 ||    44
Dodge: Dodged            |    24 |     6 ||    30
Block: Kite shield       |    70 |    12 ||    82
       Rpst.: Long sword |     8 |       ||     8
       Falchion          |     3 |     4 ||     7

Table legend: (Time is in decaauts)
 A = Elapsed time spent in this place.
 B = Non-inter-level travel time spent in this place.
 C = Inter-level travel time spent in this place.
 D = Time resting spent in this place.
 E = Time spent auto-exploring this place.
 F = Levels seen in this place.
 G = Mean time per level.
                   A        B        C        D        E       F      G
               +--------+--------+--------+--------+--------+-----+--------+
         Total |   3831 |   3666 |    165 |    338 |   2550 |   3 | 1277.0 |
       Dungeon |   3831 |   3666 |    165 |    338 |   2550 |   3 | 1277.0 |
               +--------+--------+--------+--------+--------+-----+--------+

Top non-repeatable levels by time:
     D:1: 2128 daAuts
     D:2: 934 daAuts
     D:3: 768 daAuts
